Map: Triton LE

Players

Vindicta - Winner!

  • Race: Terran Terran
  • Spawn Location: 5:00

Probe

  • Race: Protoss Protoss
  • Spawn Location: 11:00

VOD

Have the link to the VOD?

Description

Time

  • Played on: Sept. 6, 2019, 4:31 p.m.
  • Length: 11:02
Show
View Real Time Build Order
Export as new Build Order

Vindicta Terran - Winner!

Build Orders: Liberator Opening, Reaper Expand 

Get SALT Encoding   

  12  0:00  SCV  
  13  0:12  SCV  
  14  0:17  Supply Depot  
  14  0:24  SCV  
  15  0:38  SCV  
  15  0:40  Barracks  
  16  0:42  Refinery  
  16  0:50  SCV  
  17  1:03  SCV  
  18  1:15  SCV  
  19  1:28  Reaper  
  19  1:29  Orbital Command  
  20  1:52  Command Center  
  20  1:55  SCV  
  20  2:00  Marine  
  22  2:01  Supply Depot  
  22  2:08  SCV  
  23  2:14  Factory  
  23  2:20  Barracks Reactor  
  23  2:23  SCV  
  23  2:29  Refinery  
  24  2:35  SCV  
  25  2:47  SCV  
  26  2:56  Marine  
  26  2:57  Marine  
  30  2:58  Widow Mine  
  30  2:59  SCV  
  30  3:03  Starport  
  31  3:05  Orbital Command  
  31  3:11  SCV  
  32  3:14  Marine x2  
  32  3:19  Widow Mine  
  36  3:20  Supply Depot  
  36  3:23  SCV  
  37  3:31  SCV  
  37  3:32  Marine x2  
  40  3:35  SCV  
  40  3:41  Widow Mine  
  42  3:42  Medivac  
  42  3:43  SCV  
  45  3:49  Supply Depot  
  45  3:50  SCV, Marine  
  45  3:54  Liberator, Marine  
  45  3:55  SCV  
  50  4:02  SCV  
  50  4:07  SCV  
  50  4:08  Factory Tech Lab, Marine  
  50  4:09  Bunker  
  52  4:14  Supply Depot, SCV  
  56  4:20  Marine  
  56  4:21  SCV  
  58  4:26  Marine  
  58  4:27  Siege Tank  
  62  4:35  SCV x2  
  62  4:37  Supply Depot  
  62  4:38  Marine  
  64  4:43  Marine  
  65  4:47  Barracks, SCV x2  
  65  4:48  Refinery, Barracks  
  67  4:53  Engineering Bay  
  67  4:56  Starport Reactor  
  67  4:57  Starport Tech Lab  
  67  4:59  Supply Depot, SCV  
  68  5:01  SCV  
  69  5:11  SCV  
  68  5:16  SCV  
  68  5:18  Factory Reactor  
  68  5:20  Marauder, Stimpack  
  71  5:25  SCV  
  71  5:26  Command Center  
  70  5:31  SCV  
  70  5:34  Starport Reactor  
  70  5:35  Refinery  
  70  5:39  Barracks x2  
  70  5:41  SCV  
  71  5:44  Marauder  
  71  5:47  SCV  
  71  5:48  Terran Infantry Weapons Level 1  
  74  5:51  Combat Shield  
  74  5:53  Supply Depot, SCV  
  74  5:55  Marauder  
  77  5:59  Widow Mine  
  77  6:01  Supply Depot  
  77  6:02  Widow Mine  
  81  6:10  Marauder  
  81  6:11  SCV x2  
  85  6:14  Medivac  
  85  6:18  Medivac  
  89  6:21  Supply Depot  
  89  6:23  Marine x2  
  89  6:24  Widow Mine  
  89  6:25  Widow Mine  
  95  6:26  Barracks Tech Lab  
  95  6:30  Barracks Reactor, Liberator  
  95  6:31  SCV x2  
  95  6:32  Marine  
  98  6:33  Marine  
  99  6:40  Marine  
  99  6:41  Orbital Command, Marine  
  99  6:43  SCV  
  99  6:44  Marine  
  99  6:45  Supply Depot  
  105  6:50  Concussive Shells, Marine  
  105  6:51  Marine  
  105  6:52  SCV  
  109  6:55  SCV  
  110  7:02  Marine x2  
  110  7:04  SCV  
  116  7:08  Marauder  
  116  7:09  Missile Turret  
  116  7:10  Supply Depot, Orbital Command, Missile Turret  
  116  7:11  Widow Mine  
  116  7:12  Medivac  
  116  7:13  Widow Mine  
  122  7:21  SCV  
  125  7:23  Marine  
  125  7:28  Supply Depot, SCV  
  123  7:33  SCV  
  123  7:34  Marauder  
  123  7:36  SCV  
  127  7:38  Marauder  
  127  7:40  Marauder  
  127  7:41  Widow Mine x2  
  127  7:42  SCV  
  136  7:44  Terran Infantry Armor Level 1  
  136  7:47  Liberator  
  136  7:48  Supply Depot  
  136  7:52  Marine  
  136  7:53  Liberator  
  136  7:54  SCV  
  136  7:55  Supply Depot, Refinery, Marauder  
  136  7:56  Refinery  
  135  8:02  Marauder, Marine  
  135  8:03  SCV  
  138  8:08  SCV  
  137  8:13  Marine  
  137  8:15  Marine  
  137  8:16  Marauder, Marine  
  137  8:20  Marine  
  137  8:23  Starport  
  137  8:24  Marauder x2  
  133  8:30  Armory, Engineering Bay  
  133  8:31  Marine  
  133  8:32  Liberator  
  133  8:33  Marine  
  133  8:34  Marine  
  132  8:38  Marauder, Marine  
  135  8:45  Marine  
  135  8:46  Marauder  
  138  8:48  Marine  
  138  8:50  SCV  
  138  8:51  Marine x2  
  138  8:52  Ghost Academy  
  145  8:56  Marine  
  145  8:59  Supply Depot, Command Center, Missile Turret, Marauder  
  148  9:03  Marine  
  148  9:05  Widow Mine  
  148  9:06  Marine  
  148  9:08  Viking  
  148  9:09  Marine  
  155  9:18  Viking x2  
  151  9:26  Marine x2  
  151  9:27  Marauder x2, Marine x2  
  151  9:28  Marine  
  147  9:33  Enhanced Shockwaves  
  142  9:44  Marine  
  132  9:45  Ghost  
  132  9:46  Marine  
  132  9:47  Ghost  
  132  9:48  Ghost, Viking  
  132  9:52  Marine  
  138  9:54  Viking, Marine  
  138  10:02  Marine  
  138  10:04  Marine  
  140  10:10  Marine  
  140  10:12  Barracks, Marine  
  140  10:14  Barracks  
  140  10:15  Marauder  
  140  10:16  Ghost x2  
  140  10:18  SCV  
  140  10:20  Marine  
  148  10:28  Viking  
  150  10:29  SCV x2, Missile Turret  
  150  10:30  SCV  
  150  10:33  Marine  
  150  10:34  Missile Turret  
  151  10:36  Marauder  
  151  10:42  Marine  
  146  10:43  Marine  
Show
View Real Time Build Order
Export as new Build Order

Probe Protoss 

Build Orders: 1 Gate Expand, Blink Stalkers 

Get SALT Encoding   

  12  0:00  Probe  
  13  0:12  Probe  
  14  0:18  Pylon  
  14  0:24  Probe  
  15  0:32  Probe  
  15  0:40  Probe  
  15  0:41  Gateway  
  16  0:46  Assimilator  
  17  0:51  Probe  
  18  1:03  Probe  
  19  1:15  Probe  
  20  1:23  Nexus  
  20  1:32  Cybernetics Core  
  20  1:35  Probe  
  21  1:45  Assimilator  
  22  1:47  Probe  
  22  1:52  Pylon  
  22  1:59  Probe  
  22  2:00  Adept  
  23  2:07  Probe  
  23  2:09  Warp Gate  
  23  2:15  Probe  
  26  2:22  Twilight Council  
  26  2:25  Probe  
  27  2:30  Stalker  
  27  2:31  Probe  
  30  2:37  Probe  
  30  2:39  Probe  
  32  2:49  Probe x2  
  34  3:01  Probe, Blink  
  34  3:02  Gateway  
  34  3:04  Stalker  
  37  3:07  Probe  
  38  3:13  Probe  
  38  3:15  Probe  
  40  3:23  Probe  
  40  3:26  Probe  
  41  3:28  Robotics Facility  
  42  3:34  Pylon, Probe  
  42  3:38  Probe  
  44  3:43  Gateway  
  44  3:46  Probe  
  45  3:50  Probe  
  45  3:53  Pylon  
  46  3:57  Stalker x2  
  46  3:58  Probe  
  51  4:03  Probe, Assimilator  
  51  4:09  Observer, Pylon  
  52  4:10  Probe  
  54  4:18  Probe  
  54  4:19  Pylon  
  54  4:20  Stalker  
  54  4:21  Stalker  
  54  4:22  Probe  
  60  4:31  Observer  
  61  4:39  Stalker  
  61  4:45  Stalker  
  65  4:48  Stalker  
  65  4:52  Nexus  
  67  4:53  Pylon  
  67  4:58  Probe x2  
  69  5:11  Stalker x2  
  71  5:16  Probe  
  72  5:26  Probe  
  73  5:29  Observer  
  73  5:31  Forge  
  73  5:32  Forge  
  73  5:35  Gateway  
  74  5:36  Gateway  
  74  5:40  Probe  
  74  5:42  Gateway  
  75  5:47  Probe  
  75  5:48  Stalker  
  78  5:52  Probe  
  78  5:53  Sentry  
  78  5:54  Pylon, Charge  
  78  5:55  Protoss Ground Armor Level 1, Protoss Ground Weapons Level 1  
  81  5:59  Probe  
  81  6:04  Probe  
  81  6:05  Probe  
  81  6:11  Probe  
  82  6:17  Probe x2  
  88  6:23  Probe  
  85  6:29  Probe x2  
  85  6:32  Immortal  
  87  6:35  Probe  
  87  6:36  Pylon  
  88  6:41  Probe x2  
  94  6:47  Probe  
  94  6:49  Pylon  
  94  6:52  Pylon  
  94  6:53  Probe x2  
  96  6:54  Gateway  
  96  6:55  Gateway  
  96  6:59  Probe  
  96  7:01  Zealot x3, Sentry  
  103  7:05  Pylon, Probe x2  
  107  7:11  Probe  
  107  7:13  Assimilator, Robotics Bay  
  109  7:16  Observer  
  109  7:17  Probe, Assimilator  
  109  7:22  Shield Battery  
  110  7:24  Photon Cannon  
  110  7:30  Zealot  
  110  7:31  Zealot x5  
  110  7:36  Warp Prism  
  124  7:50  Stalker  
  124  7:51  Robotics Facility, Stalker x2  
  129  8:02  Zealot x5  
  129  8:12  Protoss Ground Armor Level 2, Colossus, Protoss Ground Weapons Level 2  
  127  8:17  Probe x2  
  121  8:33  Probe x2  
  123  8:42  Zealot x6  
  123  8:43  Zealot  
  137  8:54  Pylon  
  137  8:56  Pylon  
  137  8:59  Nexus  
  137  9:00  Pylon  
  137  9:01  Extended Thermal Lance  
  137  9:11  Colossus  
  141  9:20  Stalker x6  
  143  9:28  Zealot x2  
  129  9:36  Probe  
  129  9:37  Probe x2  
  120  9:42  Colossus  
  112  9:46  Stalker x2  
  112  9:48  Probe  
  112  9:49  Probe x2  
  114  9:58  Zealot  
  116  10:00  Probe  
  116  10:02  Probe  
  116  10:03  Probe  
  119  10:08  Zealot x3  
  119  10:13  Zealot, Probe  
  119  10:14  Probe, Zealot  
  130  10:16  Sentry  
  130  10:19  Zealot, Sentry  
  130  10:20  Probe x2  
  141  10:33  Zealot x3  
  133  10:41  Zealot x3  
  123  10:47  Zealot x2  
  123  10:48  Probe  
  103  10:56  Stalker  
  103  10:57  Stalker x2  
Tags
 
Add a new tag
Caveats
  • Supply blocks, unpowered buildings, or Contaminate may cause inaccurate times.
  • Supply counts are checked every 10 seconds.